 Dungeon Crawl Stone Soup version 0.28.0-45-g0d030f2227 (webtiles) character file.

Game seed: 14374514126808791486

170 nickcage the Slasher (level 5, -7/41 HPs)
             Began as a Formicid Abyssal Knight on Apr 12, 2022.
             Was a Priest of Lugonu.
             Mangled by an ogre
             ... wielding a +0 giant club
              (20 damage)
             ... on level 4 of the Dungeon.
             The game lasted 00:08:26 (4894 turns).

nickcage the Slasher (Formicid Abyssal Knight)      Turns: 4894, Time: 00:08:27

Health: -7/41      AC:  7    Str: 20    XL:     5   Next: 80%
Magic:  6/6        EV:  6    Int: 15    God:    Lugonu [***...]
Gold:   122        SH:  9    Dex: 11    Spells: 4/4 levels left

rFire   . . .      SeeInvis +   a - +1 falchion
rCold   . . .      Faith    .   q - +0 tower shield
rNeg    . . .      Spirit   .   m - +0 scale mail
rPois   .          Reflect  .   (helmet unavailable)
rElec   .          Harm     .   (no cloak)
rCorr   .          Rampage  .   n - +0 pair of gloves
Will    .....                   (no boots)
Stlth   ..........              (no amulet)
HPRegen 0.13/turn               l - +6 ring of intelligence
MPRegen 0.10/turn               (no ring)

@: no status effects
A: permanent stasis, dig shafts and tunnels, antennae 3, four strong arms
a: Dig, Shaft Self, Renounce Religion, Depart the Abyss, Bend Space, Banish


You were on level 4 of the Dungeon.
You worshipped Lugonu.
Lugonu was most pleased with you.
You visited 1 branch of the dungeon, and saw 4 of its levels.
You visited the Abyss 1 time.

You collected 202 gold pieces.
You spent 80 gold pieces at shops.

Inventory:

Hand Weapons
 a - a +1 falchion (weapon)
Armour
 b - a +0 leather armour
 c - a +0 ring mail
 m - a +0 scale mail (worn)
 n - a +0 pair of gloves (worn)
 q - a +0 tower shield (worn)
Jewellery
 i - a ring of magical power
 l - a +6 ring of intelligence (left hand)
Wands
 r - a wand of mindburst (17)
Scrolls
 d - a scroll of fog {unknown}
 g - a scroll of fear {unknown}
 h - 2 scrolls of identify {unknown}
 j - a scroll of teleportation {unknown}
 k - a scroll of vulnerability {unknown}
Potions
 f - a potion of curing {unknown}
 o - 2 potions of cancellation {unknown}
 p - a potion of resistance {unknown}
 s - a potion of haste {unknown}


   Skills:
 - Level 3.4 Fighting
 + Level 5.3 Long Blades
 - Level 2.3 Armour
 - Level 0.8 Dodging
 - Level 2.3 Invocations


You had 4 spell levels left.
You didn't know any spells.
Your spell library contained the following spells:

 Spells                   Type           Power      Damage    Failure   Level
 Beastly Appendage        Tmut           0%         N/A       100%        1
 Wereblood                Tmut           0%         N/A       100%        2
 Spider Form              Tmut/Pois      0%         N/A       100%        3


Dungeon Overview and Level Annotations

Branches:
Dungeon (4/15)
 Temple: D:4-7

Altars:
Elyvilon
Makhleb
Wu Jian

Shops:
D:1 (*[   D:3 [


Innate Abilities, Weirdness & Mutations

You cannot be hasted, slowed, berserked, paralysed or teleported.
You can dig through walls and to a lower floor.
You have a pair of large antennae on your head. (SInv)
Your four strong arms can wield two-handed weapons with a shield.


Message History

The hobgoblin shouts!
A hobgoblin is nearby!
You block the hobgoblin's attack.
You hit the hobgoblin.
You kill the hobgoblin!
Lugonu accepts your kill.
No target in view!
Things that are here:
a +0 ring mail; a hobgoblin corpse You now have 96 gold pieces (gained 15).
Found 21 arrows.
No target in view!
You see here 21 arrows.
Found a shortbow.
You see here a +0 shortbow.
You now have 110 gold pieces (gained 14).
You now have 122 gold pieces (gained 12).
An ogre comes into view. It is wielding a +0 giant club.
You throw a javelin. The javelin barely misses the ogre.
The ogre shouts!
An adder skeleton comes into view.
You throw a javelin. The javelin pierces through the ogre!
The ogre is moderately wounded.
A worm comes into view.
You slash the ogre!
The ogre is heavily wounded.
The ogre barely misses you. You block the ogre's attack.
You barely miss the ogre.
The ogre is heavily wounded.
The ogre hits you with a +0 giant club!
You hit the ogre.
The ogre is heavily wounded.
The ogre hits you with a +0 giant club!
You hit the ogre.
The ogre is severely wounded.
The ogre barely misses you.
You hit the ogre.
The ogre is severely wounded.
The ogre hits you with a +0 giant club!!
You die...

###.###### ##.# .# #..#
.# #.## .# ##.# ##.# #..#
...# ..## #...# ###
#.#.### #######
#@#...#### .......
#######O#....... ######.
........#....... ..#
######..#....... #.#
#..#....... #.#
###..........
#.###########....########
#........)........##
##########......#..#


You could see an ogre.

Vanquished Creatures
  A howler monkey (D:4)
  2 adders
  A white imp (D:3)
  4 worms
  3 dart slugs
  4 orcs (D:3)
  A ball python (D:1)
  8 endoplasms
  A giant cockroach (D:1)
  6 goblins
  6 hobgoblins
  5 jackals (D:1)
  12 kobolds
  4 quokkas
  9 bats
  A frilled lizard (D:2)
  8 rats
76 creatures vanquished.

Vanquished Creatures (others)
  9 plants (D:3)
9 creatures vanquished.

Grand Total: 85 creatures vanquished

Notes
Turn   | Place    | Note
-------+----------+-------------------------------------------
     0 | Abyss:1  | nickcage the Formicid Abyssal Knight began the quest for
                  | the Orb.
     0 | Abyss:1  | Reached XP level 1. HP: 18/18 MP: 2/2
    32 | D:1      | Escaped the Abyss
   110 | D:1      | Reached * piety under Lugonu
   205 | D:1      | Found Pighefay's Assorted Antiques.
   209 | D:1      | Reached XP level 2. HP: 24/24 MP: 3/3
   226 | D:1      | Found Keyj's Weapon Emporium.
   360 | D:1      | Found Abryengi's Antique Armour Emporium.
   418 | D:1      | Reached XP level 3. HP: 26/29 MP: 4/4
   547 | D:1      | Reached skill level 3 in Long Blades
  1079 | D:1      | Found a faded altar of an unknown god.
  1501 | D:2      | Reached ** piety under Lugonu
  1782 | D:2      | Reached XP level 4. HP: 35/35 MP: 5/5
  2237 | D:2      | Reached skill level 4 in Long Blades
  3098 | D:3      | Reached XP level 5. HP: 41/41 MP: 6/6
  3209 | D:3      | Found Duhaom's Antique Armour Emporium.
  3214 | D:3      | Bought a scale mail for 80 gold pieces
  3415 | D:3      | Found a burning altar of Makhleb.
  3415 | D:3      | Noticed a cacodemon
  3429 | D:3      | Noticed a smoke demon
  3429 | D:3      | Noticed a hellwing
  3550 | D:3      | Identified the +3 leather armour "Boeguq" {-Cast +Inv
                  | Dex+7}
  3923 | D:3      | Reached *** piety under Lugonu
  4123 | D:3      | Found a white marble altar of Elyvilon.
  4336 | D:3      | Found an ornate altar of the Wu Jian Council.
  4582 | D:4      | Reached skill level 5 in Long Blades
  4871 | D:4      | Noticed an ogre
  4894 | D:4      | Mangled by an ogre

Illustrated notes

Levels and vault maps discovered:
D:1:      onia_arrival_handbag, layout_basic, serial_shops, shop,
          nicolae_shop_overgrown_old_shop, shop, basic_ecumenical_altar
D:2:      layout_basic
D:3:      layout_loops_ring, lemuel_coloured_pillars_altar,
          overflow_temple_1_default, makhleb_altar_promises_db, serial_shops,
          shop, serial_bayou, serial_bayou_ford_a, serial_bayou_lagoon_a,
          serial_bayou_lake_a, serial_bayou_shore_b, st_stairs_13,
          grunt_ministairs_13
D:4:      layout_rooms, minmay_temple_entry_wispy, chequers_mini_garden

Skill      XL: |  1  2  3  4  5 |
---------------+----------------+-----
Long Blades    | 3 4 5 |  5.3
Fighting       | |  3.4
Armour         | |  2.3
Dodging        | |  0.8
Invocations    | |  2.3

Action                   |  1- 3 |  4- 6 || total
-------------------------+-------+-------++-------
Melee: Falchion          |    89 |   170 ||   259
       Punch             |     1 |     3 ||     4
Throw: Javelin           |       |     2 ||     2
Invok: Depart the Abyss  |     1 |       ||     1
Armor: Leather armour    |    21 |       ||    21
       Ring mail         |    18 |    31 ||    49
       Scale mail        |       |    30 ||    30
Dodge: Dodged            |    36 |    62 ||    98
Block: Tower shield      |       |     8 ||     8
